 Dungeon Crawl Stone Soup version 0.29-a0-231-g945431f764 (webtiles) character file.

Game seed: 18186774923154616819

6241 Crownlay the Basher (level 10, -1/84 HPs)
             Began as a Palentonga Berserker on Feb 28, 2022.
             Was a Believer of Trog.
             Slain by a troll (3 damage)
             ... on level 7 of the Dungeon.
             The game lasted 00:17:39 (9915 turns).

Crownlay the Basher (Palentonga Berserker)          Turns: 9915, Time: 00:17:39

Health: -1/84      AC: 24    Str: 23 (25) XL:     10   Next: 62%
Magic:  10/10      EV:  6    Int:  6 (8)  God:    Trog [**....]
Gold:   479        SH:  0    Dex:  7 (9)  Spells: 9/9 levels left

rFire   . . .      SeeInvis +   u - +0 flail
rCold   . . .      Faith    .   (no shield)
rNeg    . . .      Spirit   .   j - +4 chain mail
rPois   .          Reflect  .   d - +0 helmet
rElec   .          Harm     .   (no cloak)
rCorr   .          Rampage  .   F - +2 pair of gloves {Stlth+}
Will    ++...                   (no barding)
Stlth   ..........              (no amulet)
HPRegen 1.24/turn               (no ring)
MPRegen 0.12/turn               (no ring)

@: strong-willed, on berserk cooldown, flying, regenerating, slowed, curled up,
very slow
A: large, rugged brown scales 3, see invisible, deformed body, roll 1, armoured
tail, reflexive curl
a: Rolling Charge, Renounce Religion, Berserk, Trog's Hand


You were on level 7 of the Dungeon.
You worshipped Trog.
Trog was pleased with you.
You visited 2 branches of the dungeon, and saw 8 of its levels.
You also visited: Sewer and Ossuary.

You collected 563 gold pieces.
You spent 84 gold pieces at shops.

Inventory:

Hand Weapons
 a - a +0 mace
 u - a +0 flail (weapon)
 E - a +1 flail
Armour
 d - a +0 helmet (worn)
 j - a +4 chain mail (worn)
 A - a +0 buckler
 F - a +2 pair of gloves of stealth (worn)
Jewellery
 r - a ring of ice
 v - an amulet of reflection
 C - a ring of protection from fire
Wands
 o - a wand of flame (20)
Scrolls
 g - 2 scrolls of enchant weapon
 w - a scroll of acquirement {unknown}
 x - a scroll of enchant armour {unknown}
 y - 3 scrolls of teleportation
 z - a scroll of torment {unknown}
 D - a scroll of silence {unknown}
Potions
 b - 2 potions of attraction {unknown}
 c - 2 potions of haste {unknown}
 e - 2 potions of flight
 h - 3 potions of heal wounds {unknown}
 i - 3 potions of degeneration
 k - 2 potions of cancellation {unknown}
 l - 4 potions of curing
 m - 2 potions of resistance {unknown}
 n - a potion of brilliance {unknown}
 q - 2 potions of berserk rage
 s - 2 potions of lignification {unknown}
 t - 2 potions of might {unknown}
 B - a potion of ambrosia {unknown}


   Skills:
 + Level 7.5 Fighting
 * Level 10.3 Maces & Flails
 * Level 5.3 Armour
 - Level 1.5 Dodging
 + Level 4.8 Shields
 + Level 5.9 Evocations


You had 9 spell levels left.
You didn't know any spells.
Your spell library was empty.

Dungeon Overview and Level Annotations

Branches:
Dungeon (7/15)             Temple (1/1) D:6           Sewer (visited)
Ossuary (visited)

Altars:
Ashenzari
Dithmenos
Elyvilon
Sif Muna
Uskayaw
Wu Jian
Xom

Shops:
D:2 [   D:4 *

Annotations:
D:3 1 runed translucent door, RNPValinor's ghost, amateur PaFi
D:4 1 runed translucent door, Hasart's ghost, amateur DgHu


Innate Abilities, Weirdness & Mutations

You are completely covered in rugged brown scales. (AC +3, +7% HP)
You have supernaturally acute eyesight. (SInv)
Armour fits poorly on your strangely shaped body.
You can roll at nearby foes to attack.
You have a long armoured tail.
You curl defensively after being hit. (AC +7*)


Message History

You hit the troll but do no damage. You punch the troll, but do no damage.
The troll is lightly wounded.
You feel the effects of Trog's Hand fading.
The troll closely misses you. The troll claws you but does no damage.
The troll closely misses you. The troll bites you. The troll barely misses you.
The troll claws you but does no damage.
Okay, then.
Your skin crawls.
You feel strong-willed. The troll bites you! The troll claws you.
* * * LOW HITPOINT WARNING * * *
The troll claws you but does no damage.
You hit the troll.
The troll is moderately wounded.
The troll bites you.
* * * LOW HITPOINT WARNING * * *
The troll claws you but does no damage. The troll claws you!
* * * LOW HITPOINT WARNING * * *
The troll bites you but does no damage. The troll claws you.
* * * LOW HITPOINT WARNING * * *
The troll claws you.
* * * LOW HITPOINT WARNING * * *
Okay, then.
Okay, then.
Okay, then.
It was a potion of degeneration.
There was something very wrong with that liquid.
You feel weakened.
You feel dopey.
You feel clumsy. The troll bites you.
* * * LOW HITPOINT WARNING * * *
The troll claws you.
* * * LOW HITPOINT WARNING * * *
The troll claws you but does no damage.
It was a potion of flight.
You feel very buoyant.
You fly up into the air.
The troll bites you.
* * * LOW HITPOINT WARNING * * *
The troll claws you but does no damage. The troll closely misses you.
The troll bites you but does no damage. The troll claws you.
You die... ## ### ## .##.##. #.$?$.# Wl8.? #.####### CD$

#....)).# #T#
#######.# ###@###
#.. ♣♣.)...♣♣ ###
#.. #♣♣♣♣...)...♣♣♣
#♣♣.♣♣#..
#......P≈P.....
#...P♣#..
#♣♣♣♣..PPP..♣♣♣
#.♣≈.♣#.. ♣♣.....♣♣
#..≈.♣#..
###'########♣.≈.♣#..
#..)#.♣.♣.#♣♣..♣#..
♣♣[).♣♣.♣.♣♣♣♣♣.♣#..


You could see a cyclops, a troll, a wraith, an acid dragon and an iguana.

Vanquished Creatures
  A hydra (D:6)
  Pikel (D:6)
  A cyclops (D:7)
  Joseph (D:7)
  A troll (D:7)
  A slime creature (D:6)
  A yak (D:7)
  A wraith (D:6)
  2 steam dragons (D:6)
  Duvessa (D:6)
  3 water moccasins
  2 orc warriors
  A sky beast (D:5)
  2 ice beasts
  A black bear (D:4)
  2 ogres (D:5)
  6 phantoms
  A centaur (D:7)
  A lemure (D:6)
  A kobold brigand (D:7)
  3 bullfrogs (D:7)
  3 scorpions
  2 necrophages
  5 wights (D:6)
  Dowan (D:6)
  2 centaur zombies (Ossuary)
  4 hounds (D:6)
  3 orc priests
  2 gnoll shamans
  2 jellies (D:5)
  A human zombie (Ossuary)
  4 iguanas
  2 orc wizards
  2 mummies (Ossuary)
  10 adders
  16 gnolls
  A shadow imp (D:6)
  A white imp (D:6)
  An ufetubus (D:4)
  4 worms
  3 dart slugs
  25 orcs
  7 ball pythons
  7 bats
  8 endoplasms
  4 giant cockroaches
  7 goblins
  13 hobgoblins
  3 jackals (D:4)
  5 kobolds
  A frilled lizard (D:3)
  5 goblin zombies
  13 hobgoblin zombies (Ossuary)
  A jackal zombie (Ossuary)
  6 kobold zombies (Ossuary)
  9 orc zombies (Ossuary)
  8 rats
  2 rat zombies (Ossuary)
227 creatures vanquished.

Vanquished Creatures (others)
  A bullfrog (D:7)
  5 plants (D:7)
6 creatures vanquished.

Grand Total: 233 creatures vanquished

Notes
Turn   | Place    | Note
-------+----------+-------------------------------------------
     0 | D:1      | Crownlay the Palentonga Berserker began the quest for the
                  | Orb.
     0 | D:1      | Reached XP level 1. HP: 19/19 MP: 1/1
   358 | D:1      | Reached XP level 2. HP: 25/25 MP: 2/2
   993 | D:2      | Found Ashyrurr's Antique Armour Shoppe.
  1196 | D:2      | Found a faded altar of an unknown god.
  1356 | D:2      | Reached skill level 4 in Maces & Flails
  1356 | D:2      | Reached XP level 3. HP: 21/31 MP: 3/3
  1895 | D:3      | Found a runed translucent door.
  1900 | D:3      | Noticed RNPValinor's ghost (amateur PaFi)
  2018 | D:3      | Found a glowing drain.
  2026 | D:3      | Reached ** piety under Trog
  2028 | D:3      | Reached XP level 4. HP: 19/38 MP: 4/4
  2049 | Sewer    | Entered a sewer
  2251 | Sewer    | Noticed a water moccasin
  2269 | Sewer    | Killed a water moccasin
  2270 | Sewer    | Reached skill level 1 in Evocations
  2270 | Sewer    | Reached XP level 5. HP: 16/44 MP: 5/5
  2275 | Sewer    | HP: 2/44 [poisoned by a water moccasin]
  2635 | D:3      | Found a hide-covered altar of Uskayaw.
  2702 | D:3      | Reached skill level 5 in Maces & Flails
  3180 | D:3      | Found a white marble altar of Elyvilon.
  3910 | D:4      | Reached XP level 6. HP: 36/51 MP: 6/6
  4298 | D:4      | Found Tuthoe's Assorted Antiques.
  4304 | D:4      | Bought a scroll labelled URE VOUSIFIL for 29 gold pieces
  4304 | D:4      | Bought a scroll labelled UNEPNU QEYQEW for 29 gold pieces
  4304 | D:4      | Bought a red potion for 26 gold pieces
  4456 | D:4      | Found an ornate altar of the Wu Jian Council.
  4596 | D:4      | Found a runed translucent door.
  4609 | D:4      | Noticed Hasart's ghost (amateur DgHu)
  4821 | D:4      | Gained mutation: You curl defensively after being hit. (AC
                  | +7*) [Palentonga growth]
  4821 | D:4      | Reached XP level 7. HP: 58/58 MP: 7/7
  4953 | D:4      | Reached skill level 6 in Maces & Flails
  4982 | D:4      | Reached skill level 1 in Shields
  5452 | D:5      | Entered Level 5 of the Dungeon
  5483 | D:5      | Reached skill level 5 in Fighting
  5542 | D:5      | Reached XP level 8. HP: 37/66 MP: 8/8
  5552 | D:5      | Reached skill level 7 in Maces & Flails
  5568 | D:5      | Found a sand-covered staircase.
  5576 | Ossuary  | Entered an ossuary
  5849 | Ossuary  | Reached *** piety under Trog
  6677 | D:6      | Noticed Duvessa
  6677 | D:6      | Noticed Dowan
  6690 | D:6      | Killed Duvessa
  6697 | D:6      | Killed Dowan
  6698 | D:6      | Reached XP level 9. HP: 73/73 MP: 9/9
  6769 | D:6      | Reached skill level 8 in Maces & Flails
  6848 | D:6      | Found a staircase to the Ecumenical Temple.
  6856 | Temple   | Entered the Ecumenical Temple
  7041 | D:6      | Identified the +11 quarterstaff of Spontaneous Combustion
                  | {antimagic, rF+}
  7123 | D:6      | Noticed a five-headed hydra
  7131 | D:6      | Noticed Pikel
  7133 | D:6      | Killed a five-headed hydra
  7155 | D:6      | Killed Pikel
  7486 | D:6      | Reached skill level 9 in Maces & Flails
  7495 | D:6      | Reached skill level 5 in Armour
  7651 | D:6      | Reached skill level 5 in Evocations
  7886 | D:6      | HP: 3/96 [wight/+3 halberd (8)]
  8788 | D:7      | Reached XP level 10. HP: 65/65 MP: 10/10
  8842 | D:7      | Noticed Joseph
  8853 | D:7      | Killed Joseph
  9154 | D:6      | HP: 3/81 [wraith (8)]
  9428 | D:6      | Reached skill level 10 in Maces & Flails
  9890 | D:7      | Noticed a cyclops
  9900 | D:7      | Noticed a cyclops
  9908 | D:7      | Killed a cyclops
  9913 | D:7      | HP: 3/84 [troll (6)]
  9915 | D:7      | Slain by a troll

Illustrated notes

Levels and vault maps discovered:
D:1:      psy_arrival_statuary, layout_loops_ring, serial_co_window_serial,
          co_window_cross_1, co_window_corner_a, co_window_of_opportunity_a,
          co_window_paths_a, co_window_corner_a, co_window_paths_b,
          co_window_of_opportunity_a, co_window_corner_b, co_window_cross_2,
          co_window_2corner, glass_columns_a, glass_columns_a
D:2:      layout_loops_ring, dilly_ecumenical_altar_fadedgnrine, serial_glass,
          glass_columns_a, glass_columns_c, serial_shops,
          nicolae_shop_advertising_works [nicolae_subvault_shop_adworks],
          kennysheep_big_empty_room
D:3:      layout_loops_corners, marbit_many_paths,
          eat_drink_and_be_merry_uskayaw, portal_sewer_entry_c,
          ebering_ghost_reflecting_pool, grunt_ministairs_7
D:4:      layout_basic, kennysheep_mini_moat, serial_shops, nicolae_shop_stone,
          ebering_ghost_sewer_d, minmay_joined_circles
D:5:      layout_rooms, enter_ossuary_4
D:6:      layout_basic, minmay_temple_entry_slanted, kennysheep_nondescript,
          uniq_duvessa, uniq_pikel
D:7:      nzn_winding_woodlands_stair_cross
          [nzn_winding_woodlands_5x15_concentric,
          nzn_winding_woodlands_center_triple_pond,
          nzn_winding_woodlands_5x15_sawtooth, nzn_winding_woodlands_5x5_three,
          nzn_winding_woodlands_5x5_checkerboard,
          nzn_winding_woodlands_5x15_garden,
          nzn_winding_woodlands_center_pierced_h,
          nzn_winding_woodlands_5x15_pathside_ponds], layout_rooms,
          lemuel_doored_altar, uniq_joseph
Temple:   regret_index_temple_sphere_string

Skill      XL: |  1  2  3  4  5  6  7  8  9 10 |
---------------+-------------------------------+-----
Maces & Flails | 4 5 6 7 9 10 | 10.3
Fighting       | 4 5 6 7 |  7.5
Armour         | 2 3 4 5 |  5.3
Evocations     | 1 2 3 5 |  5.9
Shields        | 1 2 4 |  4.8
Dodging        | |  1.5

Action                   |  1- 3 |  4- 6 |  7- 9 | 10-12 || total
-------------------------+-------+-------+-------+-------++-------
Melee: Mace              |   102 |    79 |       |       ||   181
       Tailslap          |    12 |    12 |    54 |    20 ||    98
       Punch             |     2 |     1 |     7 |     1 ||    11
       Flail             |       |    81 |   401 |   130 ||   612
Invok: Berserk           |       |     3 |    13 |     5 ||    21
       Trog's Hand       |       |     2 |    12 |     8 ||    22
 Abil: Rolling Charge    |    11 |    10 |    12 |     1 ||    34
  Use: Scroll            |       |       |     7 |     1 ||     8
       Potion            |       |       |     1 |     2 ||     3
Armor: Animal skin       |     5 |       |       |       ||     5
       Ring mail         |    43 |    78 |   188 |    71 ||   380
       Chain mail        |       |       |       |    27 ||    27
Dodge: Dodged            |    42 |    73 |   193 |    94 ||   402

Table legend: (Time is in decaauts)
 A = Elapsed time spent in this place.
 B = Non-inter-level travel time spent in this place.
 C = Inter-level travel time spent in this place.
 D = Time resting spent in this place.
 E = Time spent auto-exploring this place.
 F = Levels seen in this place.
 G = Mean time per level.
                   A        B        C        D        E       F      G
               +--------+--------+--------+--------+--------+-----+--------+
         Total |  10161 |   9905 |    256 |    438 |   7621 |  10 | 1016.1 |
       Dungeon |   9060 |   8814 |    246 |    438 |   6722 |   7 | 1294.3 |
        Temple |     19 |      9 |     10 |      0 |      6 |   1 |   19.0 |
         Sewer |    575 |    575 |      0 |      0 |    515 |   1 |  575.0 |
       Ossuary |    506 |    506 |      0 |      0 |    378 |   1 |  506.0 |
               +--------+--------+--------+--------+--------+-----+--------+

Top non-repeatable levels by time:
     D:6: 2451 daAuts
     D:4: 1595 daAuts
     D:3: 1584 daAuts
     D:5: 1139 daAuts
     D:1: 985 daAuts
     D:2: 798 daAuts
   Sewer: 575 daAuts
 Ossuary: 506 daAuts
     D:7: 505 daAuts
  Temple: 19 daAuts
